 Dungeon Crawl Stone Soup version 0.31-a0-702-gf82c85558f (webtiles) character file.

Game seed: 4992709379035221942

161 qw the Shooter (level 5, -8/32 HPs)
             Began as a Gargoyle Hunter on Sept 8, 2023.
             Mangled by an iguana (9 damage)
             ... on level 4 of the Dungeon.
             The game lasted 00:00:53 (2218 turns).

qw the Shooter (Gargoyle Hunter)                    Turns: 2218, Time: 00:00:53

Health: -8/32      AC:  9    Str: 14    XL:     5   Next: 42%
Magic:  5/5        EV: 10    Int: 10    God:
Gold:   150        SH:  0    Dex: 15    Spells: 4/4 levels left

rFire   . . .        Y - +0 shortbow
rCold   . . .        (shield currently unavailable)
rNeg    + . .        i - +0 ring mail
rPois   inf          (no helmet)
rElec   +            (no cloak)
rCorr   .            (no gloves)
SInv    +            (no boots)
Will    .....        (no amulet)
Stlth   +            d - ring of see invisible
HPRegen 0.25/turn    (no ring)
MPRegen 0.09/turn

%: no passive effects
@: no status effects
A: sickness immunity, AC +4, negative energy resistance 1, electricity
resistance, torment resistance 1, petrification resistance
a: no special abilities


You were on level 4 of the Dungeon.
You visited 1 branch of the dungeon, and saw 4 of its levels.

You collected 150 gold pieces.


Innate Abilities, Weirdness & Mutations

You are immune to sickness and miasma.
Your stone body is resilient. (AC +4)
You are immune to poison.
You resist negative energy. (rN+)
You are resistant to electric shocks. (rElec)
You are resistant to unholy torment.
You are immune to petrification.


   Skills:
 + Level 3.2 Fighting
 - Level 6.0 Ranged Weapons
 - Level 1.0 Armour
 - Level 1.5 Dodging
 - Level 1.1 Stealth


You had 4 spell levels left.
You didn't know any spells.
Your spell library was empty.

Inventory:

Hand Weapons
 Y - a +0 shortbow (weapon)
Armour
 i - a +0 ring mail (worn)
Jewellery
 d - a ring of see invisible (left hand)
Scrolls
 a - a scroll of amnesia {unknown}
 b - a scroll of identify
Potions
 f - a potion of haste
 g - a potion of curing
 h - a potion of heal wounds {unknown}

Dungeon Overview and Level Annotations

Branches:
Dungeon (4/15)
 Temple: D:4-7

Altars:


Message History

You shoot an arrow. The arrow hits the iguana.
The iguana is lightly wounded.
You shoot an arrow.
The arrow hits the iguana but does no damage.
The iguana is lightly wounded.
The orc priest invokes the aid of Beogh against you.
You barely resist. You shoot an arrow. The arrow barely misses the iguana.
The arrow hits the orc.
The orc is heavily wounded.
The iguana bites you but does no damage.
You shoot an arrow. The arrow hits the orc.
You kill the orc!
The iguana closely misses you.
Your Armour skill increases to level 1!
You shoot an arrow.
The arrow hits the iguana but does no damage.
The iguana is lightly wounded.
The iguana bites you but does no damage.
You shoot an arrow. The arrow hits the iguana!
The iguana is heavily wounded.
The orc priest hits you with a +0 morningstar.
The iguana bites you.
You shoot an arrow. The arrow hits the iguana.
The iguana is heavily wounded.
The orc priest closely misses you. The iguana closely misses you.
You shoot an arrow.
The arrow hits the iguana but does no damage.
The iguana is heavily wounded.
The orc priest hits you with a +0 morningstar.
The iguana closely misses you. The orc priest barely misses you.
The iguana bites you.
You shoot an arrow.
The arrow hits the iguana but does no damage.
The iguana is heavily wounded.
The iguana bites you! The orc priest closely misses you.
You shoot an arrow. The arrow hits the iguana.
The iguana is severely wounded.
The orc priest calls down the wrath of Beogh upon you.
Pain shoots through your body! The iguana bites you!
You die... ...... ..... ..%. ### ...####+### ..# ..o....... #.####.# or.......

.<#..#.#
#lo......
..#..#.#
#@.......
..#(.#.#
#........
.....#.#
#######........
..#.##.#
#......########
#....#.# #......#
.......###......#
...##...........#
#####...........#
#...........##


You could see an iguana, an orc priest, 2 orcs and a quokka.

Vanquished Creatures
  Natasha (twice) (D:2)
  2 adders
  A gnoll (D:1)
  2 worms
  A dart slug (D:1)
  9 orcs
  8 ball pythons
  A bat (D:1)
  5 endoplasms
  2 giant cockroaches
  3 goblins (D:1)
  2 hobgoblins
  10 jackals
  3 kobolds
  4 quokkas
  5 frilled lizards
  3 rats
63 creatures vanquished.

Notes
Turn   | Place    | Note
-------+----------+-------------------------------------------
     0 | D:1      | qw the Gargoyle Hunter began the quest for the Orb.
     0 | D:1      | Reached XP level 1. HP: 12/12 MP: 1/1
     0 | D:1      | 0 ||| qw: Version: 0.3-a-76-g4403597
     0 | D:1      | 0 ||| qw: Game counter: 1015
     0 | D:1      | 0 ||| qw: Melee chars always use a shield: true
     0 | D:1      | 0 ||| qw: God list: Okawaru
     0 | D:1      | 0 ||| qw: Allow faded altars: false
     0 | D:1      | 0 ||| qw: Do Orc after clearing Dungeon:15 true
     0 | D:1      | 0 ||| qw: Do second Lair branch before Depths: true
     0 | D:1      | 0 ||| qw: Lair rune preference: random
     0 | D:1      | 0 ||| qw: Goals: Normal
     0 | D:1      | 0 ||| PLANNING D:1-11
    44 | D:1      | Reached XP level 2. HP: 17/17 MP: 2/2
   244 | D:1      | Reached XP level 3. HP: 7/21 MP: 3/3
   314 | D:1      | Reached skill level 5 in Ranged Weapons
   682 | D:1      | 682 ||| UPGRADING to ring of see invisible.
   683 | D:1      | 683 ||| READING scroll labelled GUMPUFOERI.
   684 | D:1      | 684 ||| READING scroll labelled XURRYT IQOCIER.
   685 | D:1      | 685 ||| DROPPING scroll of butterflies.
   795 | D:2      | Found a faded altar of an unknown god.
   881 | D:2      | Reached skill level 3 in Fighting
   960 | D:2      | Reached XP level 4. HP: 28/28 MP: 4/4
  1001 | D:2      | Noticed Natasha
  1009 | D:2      | Killed Natasha
  1191 | D:2      | Noticed Natasha
  1194 | D:2      | 1194 ||| FLEEEEING.
  1198 | D:2      | Killed Natasha
  1220 | D:2      | 1220 ||| READING scroll labelled SUYKKI CIYSULL.
  1221 | D:2      | 1221 ||| READING scroll labelled HIURIRCH NESH.
  1222 | D:2      | 1222 ||| READING scroll labelled FYKYUP ROEG.
  1342 | D:3      | Reached XP level 5. HP: 32/32 MP: 5/5
  1453 | D:3      | Reached skill level 6 in Ranged Weapons
  2063 | D:3      | 2063 ||| UPGRADING to +0 ring mail.
  2073 | D:3      | 2073 ||| DROPPING +0 leather armour.
  2074 | D:3      | 2074 ||| DROPPING ring of flight.
  2075 | D:3      | 2075 ||| READING scroll labelled YLATTU IW FOZ.
  2076 | D:3      | 2076 ||| DRINKING 2 golden potions.
  2077 | D:3      | 2077 ||| DRINKING 2 viscous coppery potions.
  2213 | D:4      | Reached skill level 1 in Armour
  2217 | D:4      | HP: 4/32 [iguana (9)]
  2218 | D:4      | HP: 1/32 [orc priest/nerve-wracking pain (3)]
  2218 | D:4      | Mangled by an iguana

Levels and vault maps discovered:
D:1:      dpeg_arrival_water_temple_mockup, layout_basic, nicolae_grassy_gnolls
D:2:      layout_rooms, basic_ecumenical_altar, minmay_tromino_i4, uniq_natasha
D:3:      layout_basic, mrwooster_statue_mirror
D:4:      layout_basic, minitemple

Skill      XL: |  1  2  3  4  5 |
---------------+----------------+-----
Ranged Weapons | 5 6 |  6.0
Fighting       | 3 |  3.2
Armour         | 1 |  1.0
Dodging        | |  1.5
Stealth        | |  1.1

Action                     |  1- 3 |  4- 6 || total
---------------------------+-------+-------++-------
   Fire: Shortbow          |    89 |   128 ||   217
    Use: Scroll            |     2 |     4 ||     6
         Potion            |       |     2 ||     2
 Armour: Leather armour    |    34 |    33 ||    67
         Ring mail         |       |    15 ||    15
  Dodge: Dodged            |    22 |    48 ||    70

Table legend:
 A = Non-vault XP
 B = Vault XP
 C = Vault XP percentage of total XP
 D = Non-vault monster count
 E = Vault monster count
 F = Vault count percentage of total count
                 A         B        C        D         E       F
            +---------+---------+-------+---------+---------+-------
      Total |     161 |      69 |  30.0 |      58 |       5 |   7.9
            +---------+---------+-------+---------+---------+-------
        D:1 |      41 |      14 |  25.5 |      21 |       1 |   4.5
        D:2 |      46 |      55 |  54.5 |       8 |       4 |  33.3
        D:3 |      53 |       0 |   0.0 |      20 |       0 |   0.0
        D:4 |      21 |       0 |   0.0 |       9 |       0 |   0.0
            +---------+---------+-------+---------+---------+-------
